← All builds
Air / Cortex / Economy first / OBSERVED BUILD

Standard air

Cortex Air build order · Supreme Isthmus

Economy-first air build: Aircraft Plant then Advanced Metal Extractor and Fusion Reactor, making transports and scouts for allies while transitioning into fighters and occasional bombers over the whole game.

Usually transports first (78%)

#eco #air #team support · 1506 distinct matches · 252 players · 81% of Cortex Air games · team won 46% of 1811 · Recently observed

HOW TO PLAY IT

Key timing: Aircraft Plant by 1:24

  1. Open 3 mex and wind, then drop Aircraft Plant early.
  2. Finish Aircraft Plant and start fighters for scouting and defense.
  3. Eat the Aircraft Plant once production needs outgrow it.
  4. Get Advanced Metal Extractor up to scale eco.
  5. Bring Fusion Reactor online and keep feeding transports, scouts, fighters to allies.

Phase by phase

TYPICAL OF ITS 1506 GAMES
  1. 1
  2. 2
  3. 3
PLAY THE OPENING

Follow the example game's first 6:00 step by step: what to build now, what comes next, and where it goes. At 1× it keeps pace with your own game.

  1. 1

    Up to the Aircraft Plant

    Economy
    • Metal Extractor3Mex
    • Wind Turbine4Wind
    Order
    1. Aircraft PlantAircraft Plant after 3 mex, 4 winddone ~1:26, middle half 1:14–1:35

    Some games also: energy storage (38%)

    By 1:07 in all: 3 mex · 4 wind

    The example game in this phase · 9 steps
    1. Mex ×3
    2. Wind ×2
    3. Solar
    4. Wind ×3
    5. Energy storage
    6. Wind
    7. GuardGuard
    8. Wind
    9. Aircraft PlantAircraft Plantdone 2:02 · typical 1:26
  2. 2

    Aircraft Plant to 5:00

    Economy
    • Metal Extractor1Mex
    • Wind Turbine9Wind
    • Wind Turbine3Wind
    Builders
    • Construction Turret2 Con turret
    • Construction Aircraft1 Con aircraft
    Army
    • Valiant5 Valiant
    • Hercules2 Light transport for allies
    • Finch2 Finch for allies
    • Finch1 Finch
    • Hephaestus1 Heavy transport for allies

    Some games also: shuriken (49%) · energy storage (45%) · converter (44%) · light transport (40%)

    By 5:00 in all: 3 mex · 1 mex · 13 wind · 3 wind · 1 energy storage · 2 con turret

    The example game in this phase · 22 steps
    1. HerculesLight transportfor Geo sea
    2. FinchFinch ×2for Beach sea
    3. Construction AircraftCon aircraft
    4. Wind
    5. Con turret
    6. Mex
    7. ValiantValiant ×2
    8. Con turret
    9. Wind ×2
    10. ValiantValiant
    11. Wind ×2
    12. ValiantValiant
    13. Wind
    14. ValiantValiant
    15. Wind
    16. HerculesLight transportfor Tech
    17. Wind
    18. ValiantValiant
    19. Wind ×3
    20. HerculesLight transportfor Tech
    21. Wind ×2
    22. Construction AircraftCon aircraft
  3. 3

    5:00 to 10:00

    Economy
    • Wind Turbine21Wind
    • Wind Turbine5Wind
    • Energy Converter6Converter
    Order
    1. Aircraft PlantEat Aircraft Plant
    2. Aircraft PlantAircraft Plant after 19 wind, 18 wind, 7 converterin 58% of games
    Builders
    • Construction Turret3 Con turret
    Army
    • Valiant9 Valiant

    Some games also: shuriken (47%) · fusion (38%) · con aircraft (35%) · light transport (31%)

    By 10:00 in all: 3 mex · 1 mex · 25 wind · 20 wind · 8 converter · 1 energy storage

    The example game in this phase · 167 steps
    1. Wind ×2
    2. Converter
    3. Con turret
    4. Wind
    5. Converter
    6. Wind
    7. Converter
    8. Wind ×2
    9. Converter
    10. Wind
    11. Advanced Metal ExtractorT2 mexdone 6:38 · typical 6:54
    12. Wind
    13. Converter
    14. Wind ×3
    15. Converter
    16. FinchFinch
    17. Wind ×2
    18. Advanced Metal ExtractorT2 mex
    19. Converter
    20. Advanced Metal ExtractorT2 mex
    21. Wind ×2
    22. Converter
    23. Wind ×3
    24. Converter
    25. Wind ×8
    26. Converter
    27. Wind
    28. ValiantValiant
    29. Wind ×4
    30. Con turret
    31. Wind ×4
    32. ValiantValiant
    33. Wind
    34. Advanced Metal ExtractorT2 mex
    35. Con turret
    36. Wind ×4
    37. Con turret
    38. ValiantValiant
    39. Wind ×2
    40. Converter
    41. Wind ×2
    42. Converter
    43. ValiantValiant
    44. Wind ×2
    45. Converter
    46. ValiantValiant
    47. Wind
    48. Converter
    49. Wind
    50. ValiantValiant
    51. Wind ×2
    52. Converter
    53. Wind ×5
    54. Aircraft PlantEat Aircraft Plantreclaimed for its metal
    55. Wind
    56. Converter
    57. Wind ×3
    58. Con turret
    59. Wind ×2
    60. Con turret
    61. Fusion ReactorFusiondone 10:53 · typical 10:53
    62. Wind ×2
    63. Con turret
    64. Wind ×2
    65. Con turret ×2
    66. Wind ×2
    67. Con turret
    68. Wind ×3
    69. Con turret
    70. Wind
    71. T2 converter
    72. Con turret ×2
    73. Wind ×2
    74. Aircraft PlantAircraft Plantdone 11:28
    75. Wind ×2
    76. T2 converter
    77. Wind ×2
    78. Con turret
    79. Wind ×2
    80. Con turret
    81. Wind ×16
    82. ValiantValiant ×2
    83. Wind
    84. ValiantValiant ×3
    85. Wind
    86. ValiantValiant ×2
    87. Wind
    88. ValiantValiant ×2
    89. Wind
    90. ValiantValiant ×2
    91. Con turret
    92. Wind ×2
    93. Con turret
    94. ValiantValiant
    95. Con turret
    96. T2 converter
    97. Con turret
    98. Wind ×2
    99. ValiantValiant
    100. Wind ×2
    101. ValiantValiant ×5
    102. Wind
    103. ValiantValiant
    104. Con turret
    105. ValiantValiant
    106. Con turret
    107. Wind
    108. ValiantValiant
    109. Wind
    110. ValiantValiant ×4
    111. Wind ×2
    112. ValiantValiant
    113. Con turret ×2
    114. ValiantValiant ×2
    115. Con turret
    116. Wind
    117. ValiantValiant
    118. Wind
    119. Con turret
    120. ValiantValiant
    121. Con turret
    122. ValiantValiant
    123. Con turret
    124. Wind
    125. Con turret
    126. Wind
    127. ValiantValiant
    128. Wind
    129. Con turret
    130. ValiantValiant
    131. Wind
    132. ValiantValiant ×4
    133. Wind
    134. ValiantValiant
    135. Wind
    136. ValiantValiant ×5
    137. Wind
    138. ValiantValiant
    139. Wind
    140. ValiantValiant ×2
    141. HerculesLight transportfor Suicide front
    142. ValiantValiant ×2
    143. Wind
    144. ValiantValiant
    145. Wind
    146. ValiantValiant ×4
    147. Wind
    148. ValiantValiant
    149. Wind
    150. ValiantValiant ×2
    151. Con turret
    152. ValiantValiant
    153. Wind
    154. Con turret
    155. ValiantValiant
    156. Con turret
    157. Wind
    158. ValiantValiant
    159. Con turret
    160. Wind
    161. Con turret
    162. ValiantValiant ×3
    163. Wind
    164. ValiantValiant ×2
    165. Wind
    166. T2 converter
    167. ValiantValiant

Counts are medians over the build's games: half of them build more, half fewer. The example game is realisticjo's (32 OS, 12/10/2026); pick another.

Team trades

IN AT LEAST 30% OF ITS GAMES

You hand over

  • Finch2 Finch to Geo sea or Beach seafirst at 1:50 · in 96% of games
  • Hercules3 Light transport to Tech or Geo sea or Beach seafirst at 2:06 · in 99% of games
  • Hephaestus1 Heavy transport to Beach sea or Pond or Techfirst at 2:23 · in 72% of games

You get

  • Wind Turbine3 Wind from Beach sea or Geo seafirst at 1:37 · in 64% of games
  • Wind Turbine3 Wind from Beach sea or Geo sea or Pondfirst at 1:42 · in 46% of games
  • Construction Bot1 Con bot from Techfirst at 2:23 · in 88% of games
  • Advanced Construction Bot1 T2 con bot from Techfirst at 6:05 · in 96% of games

How it plays out

Typical game of this build, running totals by minute

Metal produced

010k20k30k
0:005:0010:0015:00

metal

Enemy metal destroyed

01k2k
0:005:0010:0015:00

metal

Own metal lost

01k2k3k
0:005:0010:0015:00

metal

1811 games.

Show as table
ByMetal produced: This buildEnemy metal destroyed: This buildOwn metal lost: This build
1:0039200
2:0092300
3:00145600
4:002052051
5:0027635173
6:003707102124
7:005089146167
8:006902190219
9:009284230270
10:0011758292380
11:0014356369536
12:0017069512781
13:00198597811102
14:002270412641689
15:002573618132420
WHAT THE NUMBERS SAY

Standard air play wins less than half its games, with very low combat losses and kills since the role mostly supports rather than fights.

  • + Own metal lost stays very low, only 2701 by 15:00.
  • + Metal production reaches 25740 by 15:00, a strong support economy.
  • − Team wins under half of games (47%).
  • − Enemy metal destroyed stays low at 2097 by 15:00, showing little direct impact.
THE EXAMPLE YOU ARE READING

realisticjo

31.7 OS · 12/10/2026

Open source match ↗

3 received units · includes a constructor
35 metal received · 35554 energy received

Allied construction assistance is unknown. Timings are observations, not a promise of solo reproducibility.

Typical milestones

Aircraft Plant1:26Middle 50%: 1:14–1:35 · n=1811
Advanced Metal Extractor6:54Middle 50%: 6:27–7:26 · n=1751
Fusion Reactor10:53Middle 50%: 9:45–12:17 · n=1159

Played most by

TheGeneraI114games of this buildDad_The_Speedrunner72games of this buildHunfore62games of this buildDRM52games of this buildMilkdragon52games of this build
Standard air · Cortex Air build order · BAR Build Atlas